 Seeded DCSS version 0.28.0 (webtiles) character file.

Game seed: 12455045527757981411 (custom seed)

2975 Illumine the Basher (level 10, -4/79 HPs)
             Began as a Formicid Fighter on Apr 9, 2022.
             Was a Priest of Ru.
             Killed from afar by Dowan (11 damage)
             ... with a stone arrow
             ... on level 6 of the Dungeon.
             The game lasted 00:15:55 (10008 turns).

Illumine the Basher (Formicid Fighter)             Turns: 10008, Time: 00:15:56

Health: -4/79      AC:  9    Str: 25    XL:     10   Next: 8%
Magic:  10/10      EV:  8    Int:  8    God:    Ru [***...]
Gold:   871        SH:  9    Dex: 10    Spells: 9/9 levels left

rFire   . . .      SeeInvis +   a - +1 whip (elec)
rCold   + . .      Faith    .   r - +0 kite shield
rNeg    . . .      Spirit   .   d - +1 scale mail {rC+}
rPois   .          Reflect  .   (helmet unavailable)
rElec   .          Harm     .   p - +0 cloak
rCorr   .          Rampage  .   (no gloves)
Will    +....                   (no boots)
Stlth   ..........              (no amulet)
HPRegen 0.23/turn               (no ring)
MPRegen 0.12/turn               (no ring)

@: invisible
A: permanent stasis, dig shafts and tunnels, antennae 3, inability to use
devices, no air magic, no hexes magic, no necromancy magic, four strong arms
a: Dig, Shaft Self, Renounce Religion, Draw Out Power


You were on level 6 of the Dungeon.
You worshipped Ru.
Ru was most pleased with you.
You visited 2 branches of the dungeon, and saw 8 of its levels.
You also visited: Ossuary.

You collected 871 gold pieces.

Inventory:

Hand Weapons
 a - a +1 whip of electrocution (weapon)
 b - a +0 hand crossbow
 q - a +1 war axe of flaming
 y - the +4 mace of the Saviour {vorpal, Will+}
   (You found it on level 7 of the Dungeon)

   It inflicts extra damage upon your enemies.
   Will:      It increases your willpower.
Missiles
 v - a throwing net
 x - 57 bolts
Armour
 d - a +1 scale mail of cold resistance (worn)
 p - a +0 cloak (worn)
 r - a +0 kite shield (worn)
Scrolls
 c - 2 scrolls of amnesia
 e - a scroll of summoning
 i - 2 scrolls of teleportation {unknown}
 l - a scroll of noise {unknown}
 n - a scroll of fear {unknown}
 o - a scroll of enchant weapon {unknown}
 t - a scroll of holy word {unknown}
 w - a scroll of torment {unknown}
Potions
 f - 3 potions of invisibility
 g - a potion of resistance {unknown}
 h - 2 potions of flight {unknown}
 j - 2 potions of lignification
 k - 2 potions of heal wounds {unknown}
 m - a potion of mutation {unknown}
 s - a potion of magic {unknown}
 u - a potion of curing
 z - a potion of degeneration {unknown}
 A - 4 potions of might


   Skills:
 + Level 7.1 Fighting
 + Level 10.2 Maces & Flails
 + Level 5.1 Armour
 * Level 7.6 Shields


You had 9 spell levels left.
You didn't know any spells.
Your spell library contained the following spells:

 Spells                   Type           Power      Damage    Failure   Level
 Scorch                   Fire           0%         2d5       96%         2
 Gell's Gravitas          Tloc           0%         N/A       99%         3
 Spider Form              Tmut/Pois      0%         N/A       99%         3
 Teleport Other           Tloc           0%         N/A       99%         3
 Flame Wave               Conj/Fire      0%         2d4       100%        4
 Iskenderun's Mystic Bla  Conj/Tloc      0%         2d3       100%        4
 Dispersal                Tloc           0%         N/A       100%        6
 Starburst                Conj/Fire      0%         6d3       100%        6
 Summon Cactus Giant      Summ           0%         N/A       100%        6
 Ensorcelled Hibernation  Hex/Ice        Unusable   N/A       N/A         2
 Dazzling Flash           Conj/Hex       Unusable   N/A       N/A         3
 Anguish                  Hex/Necr       Unusable   N/A       N/A         4

Dungeon Overview and Level Annotations

Branches:
Dungeon (7/15)             Temple (1/1) D:4         Ossuary (visited)

Altars:
Ashenzari
Cheibriados
Dithmenos
Elyvilon
Hepliaklqana
Kikubaaqudgha
Makhleb
Nemelex Xobeh
Okawaru
Ru
Sif Muna
Trog
Uskayaw
Wu Jian
Xom
Yredelemnul
Zin
The Shining One

Shops:
D:2 *

Annotations:
D:3 1 runed translucent door, Crazy Yiuf
D:6 Dowan


Innate Abilities, Weirdness & Mutations

You cannot be hasted, slowed, berserked, paralysed or teleported.
You can dig through walls and to a lower floor.
You have a pair of large antennae on your head. (SInv)
You cannot study or use magical devices.
You cannot study or cast Air magic.
You cannot study or cast Hexes magic.
You cannot study or cast Necromancy magic.
Your four strong arms can wield two-handed weapons with a shield.


Message History

Dowan casts a spell.
Dowan blinks!
There is a stone staircase leading up, spattered with blood here.
You block the hornet zombie's attack.
You redirect the hornet zombie's attack!
The hornet zombie hits Dowan but does no damage.
Dowan completely misses you. The hornet zombie hits you!
* * * LOW HITPOINT WARNING * * *
You climb upwards.
There is a stone staircase leading down here.
You fade into invisibility!
Dowan shouts!
Dowan closely misses you. x2
You closely miss Dowan. Dowan hits you with a +0 dagger.
* * * LOW HITPOINT WARNING * * *
You barely miss Dowan. Dowan hits you with a +0 dagger.
* * * LOW HITPOINT WARNING * * *
Dowan begins to cast a spell, but is stunned by your conviction!
Dowan closely misses you.
You closely miss Dowan. Dowan hits you but does no damage.
You hit Dowan.
Dowan is moderately wounded.
Dowan closely misses you.
You hit Dowan.
Dowan is moderately wounded.
You block Dowan's attack.
You closely miss Dowan.
Dowan is moderately wounded.
Dowan casts a spell at you. The stone arrow hits you.
* * * LOW HITPOINT WARNING * * *
You completely miss Dowan.
Dowan is moderately wounded.
You block Dowan's attack.
Dowan begins to cast a spell, but is stunned by your conviction!
Dowan begins to cast a spell, but is stunned by your conviction! x2
You redirect Dowan's attack!
Dowan gestures at you while chanting. The stone arrow hits you!
You die...

#..# #.....##
##.....######...
#..####...##
##....# ##...
#...# #####
#...## ##...# ##
#...# ##....#
##..###
.###...##
##..#..###..##
........##
##[####.....## #
.........# ##.##
##....# ##
.........# ##.##
#...## ##.
...>.....# ##.@#
##...####..
........##
##..##
##...).....#
<......## #..##
#...#......#
......## ##e##
##.####......
......# ##..#
#.## ##.....
..##### #...##
#.# #..... .##
##...# #.#
##.... .# ##..##
#.## #.... .##
##..## #..#
##....


You could see Dowan (fast).

Vanquished Creatures
  Eustachio (D:6)
  Edmund (D:6)
  A water moccasin (D:6)
  Duvessa (D:7)
  3 necrophages
  A black bear (D:5)
  An ice beast (D:4)
  3 ogres
  2 phantoms
  3 bullfrogs
  3 scorpions
  A wyvern skeleton (D:6)
  2 wights (D:7)
  An electric eel (D:7)
  A crimson imp (D:4)
  2 centaur zombies
  A hound (D:6)
  3 human zombies (Ossuary)
  A jelly (D:5)
  A centaur skeleton (D:5)
  A bullfrog skeleton (D:6)
  2 iguanas
  A scorpion zombie (D:5)
  Ijyb (D:4)
  Natasha (D:2)
  An orc wizard (D:5)
  A killer bee zombie (D:7)
  A hound skeleton (D:5)
  3 mummies
  A howler monkey zombie (D:7)
  8 gnolls
  A howler monkey skeleton (D:4)
  7 adders
  2 white imps
  An adder skeleton (D:4)
  2 dart slugs
  15 orcs
  8 ball pythons
  6 endoplasms
  3 giant cockroaches
  6 goblins
  12 hobgoblins
  A jackal (D:3)
  7 kobolds
  3 quokkas
  5 bats
  6 frilled lizards
  6 gnoll zombies (Ossuary)
  A goblin zombie (Ossuary)
  2 hobgoblin zombies (Ossuary)
  2 orc zombies (Ossuary)
  4 rats
  A spectral orc (D:7)
155 creatures vanquished.

Vanquished Creatures (others)
  A wizard (D:7)
  An orc (D:6)
  A withered plant (D:7)
3 creatures vanquished.

Grand Total: 158 creatures vanquished

Notes
Turn   | Place    | Note
-------+----------+-------------------------------------------
     0 | D:1      | Illumine the Formicid Fighter began the quest for the Orb.
     0 | D:1      | Reached XP level 1. HP: 18/18 MP: 1/1
    40 | D:1      | Reached XP level 2. HP: 24/24 MP: 2/2
   302 | D:1      | Found a faded altar of an unknown god.
   760 | D:1      | Reached XP level 3. HP: 29/29 MP: 3/3
  1086 | D:2      | Reached skill level 3 in Maces & Flails
  1203 | D:2      | Noticed Natasha
  1213 | D:2      | Killed Natasha
  1214 | D:2      | Reached XP level 4. HP: 32/37 MP: 4/4
  1284 | D:2      | Found Nuelawn's Assorted Antiques.
  1724 | D:3      | Reached XP level 5. HP: 42/42 MP: 5/5
  1777 | D:3      | Found a runed translucent door.
  1778 | D:3      | Noticed Crazy Yiuf
  1811 | D:3      | Noticed a sky beast
  2469 | D:3      | Reached skill level 4 in Maces & Flails
  3052 | D:4      | Reached XP level 6. HP: 32/49 MP: 6/6
  3208 | D:4      | Noticed Ijyb
  3215 | D:4      | Reached skill level 5 in Shields
  3241 | D:4      | Killed Ijyb
  3733 | D:4      | Found a staircase to the Ecumenical Temple.
  3742 | Temple   | Entered the Ecumenical Temple
  3802 | Temple   | Became a worshipper of Ru the Awakened
  3966 | D:4      | Reached skill level 5 in Maces & Flails
  3966 | D:4      | Reached XP level 7. HP: 49/55 MP: 7/7
  4122 | D:4      | Reached skill level 5 in Fighting
  4306 | D:4      | You fall into a shaft and drop 3 floors!
  4768 | D:6      | Reached skill level 6 in Maces & Flails
  4792 | D:6      | Noticed a water moccasin
  4804 | D:6      | Killed a water moccasin
  4805 | D:6      | Reached XP level 8. HP: 59/62 MP: 8/8
  5058 | D:5      | Entered Level 5 of the Dungeon
  5078 | D:5      | Reached skill level 7 in Maces & Flails
  5239 | D:5      | Reached skill level 8 in Maces & Flails
  5319 | D:5      | Found a sand-covered staircase.
  5324 | Ossuary  | Entered an ossuary
  5466 | Ossuary  | Gained mutation: You cannot study or use magical devices.
                  | [Ru sacrifice]
  5466 | Ossuary  | Reached * piety under Ru
  5466 | Ossuary  | Reached ** piety under Ru
  6477 | D:4      | Reached skill level 9 in Maces & Flails
  7243 | D:6      | Reached XP level 9. HP: 57/68 MP: 9/9
  7541 | D:6      | Noticed Eustachio
  7551 | D:6      | Killed Eustachio
  7913 | D:6      | Noticed Edmund
  7935 | D:6      | Killed Edmund
  8564 | D:6      | Reached skill level 10 in Maces & Flails
  8625 | D:7      | Identified the +4 mace of the Saviour {vorpal, Will+}
  8671 | D:7      | Found a basalt altar of Yredelemnul.
  8673 | D:7      | Found a shadowy altar of Dithmenos.
  8694 | D:7      | Noticed a wizard
  8717 | D:7      | Killed a wizard
  9335 | D:7      | Found a hazy altar of Hepliaklqana.
  9508 | D:7      | Reached skill level 5 in Armour
  9508 | D:7      | Reached XP level 10. HP: 74/79 MP: 10/10
  9584 | D:7      | Noticed a +0 short sword
  9584 | D:7      | Noticed a +0 dagger
  9585 | D:7      | Noticed a +0 spear
  9585 | D:7      | Noticed a +0 falchion
  9586 | D:7      | Noticed a +0 dagger
  9586 | D:7      | Noticed a +0 falchion
  9586 | D:7      | Noticed a +0 short sword
  9586 | D:7      | Noticed a +0 spear
  9597 | D:7      | Found an ornate altar of the Wu Jian Council.
  9635 | D:7      | Found a hide-covered altar of Uskayaw.
  9726 | D:7      | Gained mutation: You cannot study or cast Air magic. [Ru
                  | sacrifice]
  9726 | D:7      | Gained mutation: You cannot study or cast Hexes magic. [Ru
                  | sacrifice]
  9726 | D:7      | Gained mutation: You cannot study or cast Necromancy magic.
                  | [Ru sacrifice]
  9726 | D:7      | Reached *** piety under Ru
  9904 | D:7      | Noticed Duvessa
  9908 | D:7      | Noticed Dowan
  9914 | D:7      | Killed Duvessa
  9939 | D:6      | Noticed a rust devil
  9939 | D:6      | Noticed a rust devil
 10008 | D:6      | Killed from afar by Dowan

Illustrated notes

Levels and vault maps discovered:
D:1:      heliophobic_arrival_enchanted_forest, layout_loops_corners,
          nicolae_ecumenical_lake_church, minmay_misc_feat_room
D:2:      layout_loops_ring, serial_shops, nicolae_shop_advertising_works
          [nicolae_subvault_shop_adworks], uniq_natasha, uniq_sigmund
D:3:      layout_rooms, hangedman_abyss_or_decor_stabs, chequers_arboretum,
          minmay_fractal_squares_diagonal_5, uniq_crazy_yiuf_cottage
D:4:      layout_cave_pods, lemuel_temple_firewalk_b, serial_column_ruins,
          column_ruins_square_large, column_ruins_hut_pillars,
          column_ruins_grid_1, column_ruins_open_small, column_ruins_grid_1,
          minmay_fire_ice_demons, uniq_ijyb
D:5:      layout_loops_cross, enter_ossuary_5, serial_bayou_pond_d
D:6:      cheibrodos_iron_armory, layout_layer_cave, uniq_eustachio, uniq_edmund
D:7:      cheibrodos_wizards_tower, layout_gridville, nicolae_uskayaw_en_pointe,
          nicolae_hepliaklqana_monster_ancestors, amcnicky_altar_gilded,
          mainiacjoe_overflow_catwalk_spiral, serial_undead, serial_undead_d,
          serial_undead_c, serial_undead_e, serial_undead_f, serial_undead_f,
          serial_undead_d, due_unseen_surprise, uniq_duvessa
Temple:   regret_index_temple_waves

Skill      XL: |  1  2  3  4  5  6  7  8  9 |
---------------+----------------------------+-----
Shields        | 4 5 7 |  7.6
Maces & Flails | 3 4 5 6 9 10 | 10.2
Fighting       | 4 5 7 |  7.1
Armour         | 5 |  5.1

Action                   |  1- 3 |  4- 6 |  7- 9 | 10-12 || total
-------------------------+-------+-------+-------+-------++-------
Melee: Flail             |    74 |   161 |   293 |       ||   528
       Mace              |       |       |    26 |       ||    26
       Whip              |       |       |     4 |    39 ||    43
Invok: Sacrifice Artific |       |       |     1 |       ||     1
       Sacrifice Arcana  |       |       |       |     1 ||     1
 Abil: Shaft Self        |       |       |     1 |       ||     1
Evoke: Wand              |       |       |     2 |       ||     2
  Use: Scroll            |       |     1 |     4 |     1 ||     6
       Potion            |       |       |     2 |     1 ||     3
 Stab: Distracted        |       |       |     1 |       ||     1
Armor: Scale mail        |    33 |    33 |    49 |    11 ||   126
       Chain mail        |       |    31 |    76 |       ||   107
       Skin              |       |       |     5 |       ||     5
Dodge: Dodged            |    34 |    57 |    71 |    17 ||   179
Block: Buckler           |    11 |    34 |     1 |       ||    46
       Kite shield       |       |       |   116 |    17 ||   133
